 Dungeon Crawl Stone Soup version 0.22-a0-605-g9281fa2 (webtiles) character file.

17356 Amnesiac the Eclecticist (level 12, -13/51 HPs)
             Began as a Spriggan Earth Elementalist on July 8, 2018.
             Was a High Priest of Sif Muna.
             Mangled by a slime creature (20 damage)
             ... on level 11 of the Dungeon.
             The game lasted 00:24:26 (16268 turns).

Amnesiac the Eclecticist (SpEE)                    Turns: 16268, Time: 00:24:27

Health: -13/51     AC:  8    Str:  4    XL:     12   Next: 18%
Magic:  22/32      EV: 18    Int: 21    God:    Sif Muna [*****.]
Gold:   595        SH:  0    Dex: 17    Spells: 22/42 levels left

rFire    . . .     SeeInvis +   J - staff of wizardry
rCold    . . .     Gourm    .   (shield currently unavailable)
rNeg     . . .     Faith    +   x - +2 robe {MR+}
rPois    +         Spirit   .   b - +2 hat {MR+}
rElec    .         Reflect  .   (no cloak)
rCorr    .         Harm     .   (gloves unavailable)
MR       ++++.                  (boots unavailable)
Stlth    ++........             m - amulet of faith
HPRegen  0.17/turn              g - ring of poison resistance
MPRegen  0.23/turn              p - +2 ring of protection

@: divine energy, very quick
A: very small, unfitting armour, see invisible, herbivore, speed 3, slow
metabolism 2
a: Stop Divine Energy, Channel Magic, Forget Spell, Renounce Religion


You were on level 11 of the Dungeon.
You worshipped Sif Muna.
Sif Muna was extremely pleased with you.
You were not hungry.

You visited 2 branches of the dungeon, and saw 13 of its levels.
You also visited: Ossuary.

You collected 595 gold pieces.

Inventory:

Hand Weapons
 G - a +5 scimitar of flaming
Missiles
 w - 138 stones (quivered)
Armour
 b - a +2 hat of magic resistance (worn)
 x - a +2 robe of magic resistance (worn)
 K - a +0 robe of cold resistance
Magical Staves
 J - an uncursed staff of wizardry (weapon)
Jewellery
 g - a ring of poison resistance (left hand)
 l - an uncursed ring of resist corrosion
 m - an amulet of faith (around neck)
 p - a +2 ring of protection (right hand)
 L - a +3 amulet of reflection
Wands
 v - a wand of flame (31)
 E - a wand of digging (14)
 F - a wand of enslavement (16)
 I - a wand of acid (15)
 M - a wand of iceblast (8)
Scrolls
 a - 4 scrolls of magic mapping {!r}
 e - 12 scrolls of remove curse {!r}
 f - 6 scrolls of teleportation {!r}
 i - a scroll of enchant armour {!r}
 j - 3 scrolls of fog {!r}
 n - a scroll of enchant weapon {!r}
 r - 4 scrolls of fear {!r}
 s - a scroll of vulnerability {!r}
 y - 2 scrolls of brand weapon {!r}
 D - a scroll of acquirement {!r}
 H - 5 scrolls of identify {!r}
Potions
 c - 2 potions of degeneration {!q, unknown}
 h - 5 potions of heal wounds {!q, unknown}
 k - 3 potions of lignification {!q, unknown}
 o - 3 potions of haste {!q, unknown}
 q - 2 potions of ambrosia {!q}
 t - 5 potions of curing {!q}
 u - a potion of brilliance {!q}
 z - a potion of agility {!q}
 A - a potion of invisibility {!q}
 B - a potion of resistance {!q}
 C - 2 potions of magic {!q}
Comestibles
 d - 23 rations


   Skills:
 - Level 3.0 Dodging
 - Level 3.0 Stealth
 * Level 15.9 Spellcasting
 - Level 9.0 Transmutations
 - Level 9.0 Earth Magic
 - Level 9.0 Invocations


You had 22 spell levels left.
You knew the following spells:

 Your Spells              Type           Power        Failure   Level  Hunger
a - Stone Arrow           Conj/Erth      #####.       1%          3    None
b - Passwall              Tmut/Erth      ######..     1%          2    None
c - Sandblast             Erth           ######       1%          1    None
d - Lee's Rapid Deconstr  Erth           ######....   1%          5    ###....
e - Petrify               Tmut/Erth      ######..     1%          4    None
f - Sticks to Snakes      Tmut           ######..     1%          2    None
r - Regeneration          Chrm/Necr      ###.......   4%          3    None

Your spell library contained the following spells:

 Spells                   Type           Power        Failure   Level  Hunger
 Bolt of Magma            Conj/Fire/Erth ####......   12%         5    ###....
 Venom Bolt               Conj/Pois      ###.......   36%         5    ###....
 Summon Small Mammal      Summ           ###.         1%          1    None
 Animate Dead             Necr           N/A          14%         4    None
 Pain                     Necr           ###.         1%          1    None
 Animate Skeleton         Necr           N/A          1%          1    None
 Vampiric Draining        Necr           ###.......   4%          3    None
 Summon Ice Beast         Ice/Summ       ###.....     14%         4    None
 Iron Shot                Conj/Erth      #####.....   32%         6    #####..
 Spider Form              Tmut/Pois      #####.....   1%          3    None
 Blade Hands              Tmut           ######....   1%          5    ###....
 Ice Form                 Ice/Tmut       #####...     2%          4    None
 Call Canine Familiar     Summ           ###.....     4%          3    None
 Summon Butterflies       Summ           ###.....     1%          1    None
 Orb of Destruction       Conj           ###.......   100%        7    ######.
 Summon Hydra             Summ           ###.......   100%        7    ######.
 Aura of Abjuration       Summ           ###.......   36%         5    ###....
 Beastly Appendage        Tmut           ######       1%          1    None
 Iskenderun's Battlesphe  Conj/Chrm      ###.....     36%         5    ###....
 Spellforged Servitor     Conj/Summ      ###.......   100%        7    ######.
 Summon Mana Viper        Hex/Summ       ###.....     36%         5    ###....
 Hydra Form               Tmut           ######....   5%          6    #####..


Dungeon Overview and Level Annotations

Branches:
Dungeon (12/15)            Temple (1/1) D:5            Lair (0/6) D:10
    Orc (0/2) D:11

Altars:
Ashenzari
Cheibriados
Dithmenos
Elyvilon
Fedhas
Gozag
Hepliaklqana
Kikubaaqudgha
Makhleb
Nemelex Xobeh
Okawaru
Qazlal
Ru
Sif Muna
Trog
Uskayaw
Vehumet
Wu Jian
Xom
Yredelemnul
Zin
The Shining One

Shops:
D:4 =


Innate Abilities, Weirdness & Mutations

You are very small and have problems with some larger weapons.
You are too small for most types of armour.
You have supernaturally acute eyesight. (SInv)
You are a herbivore.
You cover ground extremely quickly.
You need to consume almost no food.


Message History

a short sword; a kobold corpse
H - 5 scrolls of identify {!r} (gained 1)
Things that are here:
a dire flail; a chain mail
There is a stone staircase leading down here.
Unknown command.
Unknown command.
Unknown command.
There is an open door here.
There is a staircase to the Orcish Mines here.
Magic restored.
There is a stone staircase leading down here.
You climb downwards.
The yak bellows!
The slime creature quivers.
The slime creature hits you! The kobold misses you.
There is a stone staircase leading up, spattered with blood here.
The slime creature hits you!
* * * LOW HITPOINT WARNING * * *
The kobold hits you but does no damage.
You climb upwards.
There is a stone staircase leading down here.
You closely miss the kobold. The slime creature barely misses you.
The kobold hits you but does no damage.
Unknown command.
Casting: Lee's Rapid Deconstruction (safe; 1% risk of failure)
Confirm with . or Enter, or press ? or * to list all spells.
Aiming: Lee's Rapid Deconstruction (safe; 1% risk of failure)
Press: ? - help, Dir - move target cursor A rock wall.
Okay, then.
Casting: Lee's Rapid Deconstruction (safe; 1% risk of failure)
Confirm with . or Enter, or press ? or * to list all spells.
Aiming: Lee's Rapid Deconstruction (safe; 1% risk of failure)
Press: ? - help, Dir - move target cursor A rock wall.
Okay, then.
Okay, then.
Okay, then.
Casting: Lee's Rapid Deconstruction (safe; 1% risk of failure)
Confirm with . or Enter, or press ? or * to list all spells.
Aiming: Lee's Rapid Deconstruction (safe; 1% risk of failure)
Press: ? - help, Dir - move target cursor A rock wall.
You miscast Lee's Rapid Deconstruction.
Sif Muna protects you from the effects of your miscast!
The slime creature hits you.
* * * LOW HITPOINT WARNING * * *
The kobold completely misses you.
Unknown command.
Casting: Lee's Rapid Deconstruction (safe; 1% risk of failure)
Confirm with . or Enter, or press ? or * to list all spells.
Aiming: Lee's Rapid Deconstruction (safe; 1% risk of failure)
Press: ? - help, Dir - move target cursor A rock wall.
The wall shatters!
The blast of rock fragments hits the kobold.
You kill the kobold!
Sif Muna accepts your kill. The slime creature hits you!
* * * LOW HITPOINT WARNING * * *
Unknown command.
The slime creature hits you!!
You die...

### #### #.######### ...#
#.........# ...#
#.#######.# ..## #.# #.#
..### #.#######.# ....#
#.#.......# ....#
#รท#.#######
...#############@#.#
...##..........J>#.#
#.....#####.######.#
#.....##........##.#
#.....##.....[.....#
#.....##........#########
#.....##........#.......#
#...#.##........#.#####.#
#.....##........#.#...#.#


You could see a slime creature.

Vanquished Creatures
  Gastronok (D:8)
  Erica (D:9)
  The ghost of Amnesiac the Destroyer, a novice DgWz (D:11)
  2 unseen horrors (D:11)
  An ugly thing (D:11)
  A gargoyle (D:12)
  Psyche (D:11)
  The ghost of iamserjio the Chopper, a novice HaBe of Trog (D:6)
  A troll (D:10)
  2 slime creatures
  2 hippogriffs
  A meliai zombie (D:10)
  A wyvern (D:10)
  27 yaks
  A hungry ghost (D:7)
  A steam dragon (D:9)
  A soldier ant (D:11)
  A water moccasin (D:9)
  9 orc warriors
  3 sky beasts
  4 ogres
  3 phantoms
  8 centaurs
  A crocodile (D:12)
  A big kobold (D:10)
  7 bullfrogs
  3 elf zombies (Ossuary)
  5 jellies
  7 scorpions
  3 killer bees (D:7)
  7 wights
  2 howler monkeys
  6 crimson imps
  2 bullfrog zombies
  8 centaur zombies
  A quasit (D:4)
  6 hounds
  A centaur skeleton (D:6)
  5 bullfrog skeletons
  7 orc priests
  3 human zombies (Ossuary)
  4 iguanas
  12 orc wizards
  9 worker ants
  A hound zombie (D:6)
  A hound skeleton (D:7)
  3 mummies (Ossuary)
  4 worker ant zombies
  8 gnolls
  3 adders
  A river rat (D:6)
  A shadow imp (D:7)
  5 oozes (D:10)
  2 adder skeletons
  An adder zombie (D:9)
  3 worms
  3 dart slugs
  6 leopard geckos
  36 orcs
  A ball python (D:1)
  12 giant cockroaches
  11 goblins
  6 hobgoblins
  6 jackals
  5 quokkas
  4 bats
  3 frilled lizards (D:2)
  10 kobolds
  A quokka skeleton (D:7)
  4 rats
315 creatures vanquished.

Notes
Turn   | Place    | Note
-------+----------+-------------------------------------------
     0 | D:1      | Amnesiac the Spriggan Earth Elementalist began the quest for the Orb.
     0 | D:1      | Reached XP level 1. HP: 9/9 MP: 5/5
    67 | D:2      | Found an iron altar of Okawaru.
   239 | D:1      | Reached skill level 3 in Spellcasting
   244 | D:1      | Reached XP level 2. HP: 13/13 MP: 4/7
   964 | D:2      | Reached XP level 3. HP: 15/16 MP: 2/8
  1063 | D:2      | Found a burning altar of Makhleb.
  1296 | D:2      | Reached XP level 4. HP: 21/21 MP: 8/10
  1474 | D:2      | Reached skill level 4 in Spellcasting
  1770 | D:2      | Found a basalt altar of Yredelemnul.
  2006 | D:3      | Noticed a hand axe
  2006 | D:3      | Noticed a hand axe
  2007 | D:3      | Found a hide-covered altar of Uskayaw.
  2151 | D:3      | Reached XP level 5. HP: 23/24 MP: 8/12
  2224 | D:3      | Learned a level 2 spell: Passwall
  2229 | D:3      | Learned a level 4 spell: Petrify
  2650 | D:4      | Reached skill level 5 in Earth Magic
  2695 | D:4      | Found a blossoming altar of Fedhas.
  2733 | D:4      | Found a sand-covered staircase.
  2850 | Ossuary  | Entered an ossuary
  2903 | Ossuary  | Reached XP level 6. HP: 28/28 MP: 10/14
  2932 | Ossuary  | Reached skill level 5 in Spellcasting
  3099 | Ossuary  | Learned a level 3 spell: Stone Arrow
  3956 | Ossuary  | Reached XP level 7. HP: 32/32 MP: 3/16
  4284 | Ossuary  | Reached skill level 6 in Spellcasting
  4975 | D:4      | Learned a level 5 spell: Lee's Rapid Deconstruction
  5213 | D:4      | Found Pessiriw's Jewellery Shoppe.
  5453 | D:5      | Entered Level 5 of the Dungeon
  5485 | D:5      | Found a deep blue altar of Sif Muna.
  5495 | D:5      | Became a worshipper of Sif Muna the Loreminder
  5683 | D:5      | Reached XP level 8. HP: 36/36 MP: 6/19
  5774 | D:5      | Reached skill level 7 in Spellcasting
  6135 | D:5      | Found a radiant altar of Vehumet.
  6270 | D:5      | Found a staircase to the Ecumenical Temple.
  6302 | Temple   | Entered the Ecumenical Temple
  6819 | D:6      | Reached * piety under Sif Muna
  6821 | D:6      | Reached skill level 8 in Spellcasting
  6945 | D:6      | Reached skill level 5 in Transmutations
  7343 | D:6      | Reached ** piety under Sif Muna
  7343 | D:6      | Reached XP level 9. HP: 39/39 MP: 4/22
  7370 | D:6      | Found a runed door.
  7375 | D:6      | Noticed iamserjio's ghost (novice HaBe)
  7401 | D:6      | Found a runed door.
  8615 | D:7      | Reached *** piety under Sif Muna
  8930 | D:8      | Noticed Gastronok
  8933 | D:8      | Reached skill level 9 in Spellcasting
  9136 | D:8      | Reached skill level 10 in Spellcasting
  9193 | D:8      | Reached **** piety under Sif Muna
  9312 | D:8      | Learned a level 3 spell: Regeneration
  9472 | D:8      | Found an ornate altar of the Wu Jian Council.
  9473 | D:8      | Found an opulent altar of Gozag.
  9498 | D:8      | Reached XP level 10. HP: 44/44 MP: 11/25
 10021 | D:8      | Killed Gastronok
 10021 | D:8      | Reached skill level 12 in Spellcasting
 10087 | D:8      | Found a white marble altar of Elyvilon.
 10189 | D:9      | Found a shadowy altar of Dithmenos.
 10228 | D:9      | Reached ***** piety under Sif Muna
 10352 | D:9      | Identified Sif Muna's Volume of Mutagenic Illusion (Sif Muna gifted it to you on level 9 of the Dungeon)
 10352 | D:9      | Received a gift from Sif Muna
 10352 | D:9      | Reached skill level 13 in Spellcasting
 10427 | D:9      | Found a sacrificial altar of Ru.
 10490 | D:9      | Noticed Erica
 10688 | D:9      | Killed Erica
 10931 | D:9      | Identified a scroll of acquirement {!r}
 10991 | D:9      | Reached skill level 14 in Spellcasting
 11091 | D:9      | Found a sparkling altar of Nemelex Xobeh.
 11220 | D:10     | Entered Level 10 of the Dungeon
 11229 | D:10     | Reached skill level 1 in Invocations
 11540 | D:10     | Reached XP level 11. HP: 24/47 MP: 0/30
 12447 | D:6      | Reached skill level 5 in Invocations
 12456 | D:6      | Killed iamserjio's ghost
 13126 | D:10     | Found a staircase to the Lair.
 13703 | D:11     | Noticed an unseen horror
 13711 | D:11     | Killed an unseen horror
 13884 | D:11     | Noticed an unseen horror
 13890 | D:11     | Killed an unseen horror
 14080 | D:11     | Noticed a green ugly thing
 14090 | D:11     | Killed a green ugly thing
 14206 | D:11     | Found a runed door.
 14684 | D:11     | Found a staircase to the Orcish Mines.
 15092 | D:11     | Noticed Psyche
 15096 | D:11     | Killed Psyche
 15241 | D:11     | Found a shattered altar of Ashenzari.
 15287 | D:11     | Received a gift from Sif Muna
 15287 | D:11     | Reached skill level 15 in Spellcasting
 15292 | D:11     | Learned a level 2 spell: Sticks to Snakes
 15507 | D:11     | Noticed Amnesiac's ghost (novice DgWz)
 15626 | D:11     | Killed Amnesiac's ghost
 15626 | D:11     | Reached XP level 12. HP: 40/51 MP: 0/32
 16268 | D:11     | Mangled by a slime creature

Vault maps used:
D:1:      dpeg_arrival_another_circle
D:2:      okawaru_gym_becter, makhleb_blood_cavern_becter,
          yredelemnul_altar_generic
D:3:      dancing_weapons_uskayaw, serial_forest,
          infiniplex_forest_clump_medium, infiniplex_forest_lined_room_3,
          infiniplex_forest_diagonal, infiniplex_forest_end_2,
          infiniplex_forest_clump_diagonal, infiniplex_forest_straight_5,
          infiniplex_forest_lined_room_2, infiniplex_forest_clump_medium,
          infiniplex_forest_straight_2
D:4:      serial_shops, kennysheep_mini, first_ration,
          chequers_ossuary_entry_cave, st_stairs_13, fedhas_altar_3
D:5:      vehumet_altar_wand_db, overflow_temple_1_default,
          minmay_temple_entry_fiery
D:6:      ebering_ghost_sewer_f
D:8:      grunt_temple_overflow_open, uniq_gastronok
D:9:      nicolae_overflow_hidden_temple, lemuel_doored_altar,
          lemuel_crystal_altar, uniq_erica
D:10:     lair_entry_dummy, hangedman_little_slice_of_home
D:11:     argonaut_augean_stables, orc_0_dummy, ebering_ghost_reflecting_pool,
          wad_floor_pattern_untrapped, evilmike_ruin_ashenzari, uniq_psyche
D:12:     gammafunk_corrupted_shrine
Temple:   compressed_dpeg_triangle_lava_temple
Ossuary:  ossuary_minmay_four_chambers

Skill      XL: |  1  2  3  4  5  6  7  8  9 10 11 |
---------------+----------------------------------+-----
Earth Magic    | 3 4 5 6 7 8 9 |  9.0
Spellcasting   | 3 4 5 6 8 10 14 15 | 15.9
Transmutations | 7 9 |  9.0
Invocations    | 3 9 |  9.0
Dodging        | |  3.0
Stealth        | |  3.0

Action                   |  1- 3 |  4- 6 |  7- 9 | 10-12 || total
-------------------------+-------+-------+-------+-------++-------
Melee: Unarmed           |     4 |     3 |     4 |       ||    11
       Staff             |       |       |       |    12 ||    12
 Cast: Sandblast         |    43 |    81 |     6 |     7 ||   137
       Stone Arrow       |       |    24 |   234 |   275 ||   533
       Lee's Rapid Decon |       |       |     1 |    52 ||    53
       Petrify           |       |       |       |     6 ||     6
Invok: Divine Energy     |       |       |     1 |       ||     1
Evoke: Wand              |       |       |       |     7 ||     7
  Use: Scroll            |       |     1 |     6 |    14 ||    21
  Eat: Ration            |       |     3 |     3 |     7 ||    13
Armor: Robe              |     2 |     4 |     5 |    20 ||    31
Dodge: Dodged            |    19 |    18 |    90 |   104 ||   231

Table legend:
 A = Spawn XP
 B = Non-spawn XP
 C = Spawn XP percentage of total XP
 D = Spawn monster count
 E = Non-spawn monster count
 F = Spawn count percentage of total count
 G = Total turns spent on level
                    A         B        C        D         E        F      G
               +---------+---------+-------+---------+---------+-------+---------
         Total |       0 |   24795 |   0.0 |       0 |     315 |   0.0 | 16268
               +---------+---------+-------+---------+---------+-------+---------
           D:1 |       0 |      35 |   0.0 |       0 |      18 |   0.0 |   907
           D:2 |       0 |     146 |   0.0 |       0 |      22 |   0.0 |  1077
           D:3 |       0 |      37 |   0.0 |       0 |      18 |   0.0 |   540
           D:4 |       0 |     361 |   0.0 |       0 |      12 |   0.0 |  1062
           D:5 |       0 |     383 |   0.0 |       0 |      17 |   0.0 |  1429
           D:6 |       0 |    2273 |   0.0 |       0 |      42 |   0.0 |  1298
           D:7 |       0 |    1207 |   0.0 |       0 |      20 |   0.0 |  1242
           D:8 |       0 |    3346 |   0.0 |       0 |      29 |   0.0 |  1028
           D:9 |       0 |    2039 |   0.0 |       0 |      19 |   0.0 |   951
          D:10 |       0 |    4112 |   0.0 |       0 |      49 |   0.0 |  2072
          D:11 |       0 |    8671 |   0.0 |       0 |      47 |   0.0 |  2565
          D:12 |       0 |    1449 |   0.0 |       0 |       7 |   0.0 |    64
       Ossuary |       0 |     736 |   0.0 |       0 |      15 |   0.0 |  1969
               +---------+---------+-------+---------+---------+-------+---------
